 Dungeon Crawl Stone Soup version 0.17-a0-1881-g2f5db94 (webtiles) character file.

2444824 ONdooom the Intangible (level 27, 273/273 HPs)
             Began as a Minotaur Berserker on Sept 16, 2015.
             Was a High Priest of Trog.
             Escaped with the Orb
             ... and 5 runes on Sept 21, 2015!
             The game lasted 06:51:07 (117617 turns).

ONdooom the Intangible (Minotaur Berserker)       Turns: 117617, Time: 06:51:07

Health: 273/273    AC: 55    Str: 25      XL:     27
Magic:  38/40      EV: 31    Int:  5 (6)  God:    Trog [*****.]
Gold:   3418       SH:  0    Dex: 25      Spells: 0 memorised, 26 levels left

rFire  + . .     SeeInvis .     c - +9 executioner's axe (elec)
rCold  + . .     Clarity  .     u - +12 gold dragon armour
rNeg   + . .     SustAt   .     (no shield)
rPois  +         Gourm    .     T - +2 hat {MR+}
rElec  +         Spirit   .     m - +2 cloak {MR+}
rCorr  .         Warding  +     f - +2 pair of gloves
rMut   .         Stasis   .     S - +0 pair of boots "Rinir" {rElec}
MR     +++++                    z - brooch of Shielding {Ward rN+ AC+4 EV+4}
Stlth  +.........               e - ring "Ifalyban" {rPois MR- MP+9 Dex+7}
                                P - ring of the Good {+Fly MR+++ Int+2}

@: regenerating, almost entirely resistant to hostile enchantments, very
unstealthy
A: retaliatory headbutt, horns 2, clumsy 1, mutation resistance 1, wild magic 1,
MP-powered wands
a: Burn Spellbooks, Berserk, Trog's Hand, Brothers in Arms, Renounce Religion,
Evoke Flight
0: Orb of Zot
}: 5/15 runes: serpentine, barnacled, slimy, silver, abyssal


You escaped.
You worshipped Trog.
Trog was extremely pleased with you.
You were full.

You visited 15 branches of the dungeon, and saw 66 of its levels.
You visited the Abyss 2 times.
You visited 1 bazaar.
You also visited: Labyrinth, Trove, Ice Cave and Wizlab.

You collected 10346 gold pieces.
You spent 6928 gold pieces at shops.

Inventory:

Hand weapons
 c - a +9 executioner's axe of electrocution (weapon)
Missiles
 q - 16 silver javelins (quivered)
 w - 17 steel javelins
 Z - 14 throwing nets
Armour
 f - a +2 pair of gloves (worn)
 m - a +2 cloak of magic resistance (worn)
 u - a +12 gold dragon armour (worn)
 S - the +0 pair of boots "Rinir" (worn) {rElec}
   (You bought it in a shop on level 6 of the Dungeon)

   It insulates you from electricity.
 T - a +2 hat of magic resistance (worn)
Jewellery
 e - the ring "Ifalyban" (right hand) {rPois MR- MP+9 Dex+7}
   (You found it on level 15 of the Dungeon)

   [ring of magical power]

   It affects your dexterity (+7).
   It protects you from poison.
   It affects your resistance to hostile enchantments.
   It affects your magic capacity (+9).
 z - the brooch of Shielding (around neck) {Ward rN+ AC+4 EV+4}
   (You took it off a tengu reaver on level 5 of the Vaults)

   [amulet of warding]

   It may prevent the melee attacks of summoned creatures.
   It affects your AC (+4).
   It affects your evasion (+4).
   It protects you from negative energy.
 P - the ring of the Good (left hand) {+Fly MR+++ Int+2}
   (You bought it in a shop on level 4 of the Orcish Mines)

   [ring of flight]

   It affects your intelligence (+2).
   It affects your resistance to hostile enchantments.
   It lets you fly.
 U - an uncursed amulet of resist mutation
Magical devices
 g - a wand of digging (9)
 h - a wand of digging (7)
 s - a wand of teleportation (0)
 G - a wand of teleportation (3)
 K - a wand of heal wounds (2)
 M - a wand of heal wounds (9)
 W - a wand of disintegration (12)
 Y - a wand of draining (5)
Scrolls
 b - 12 scrolls of fear
 d - 8 scrolls of identify
 i - 15 scrolls of teleportation
 j - 12 scrolls of fog
 k - 6 scrolls of blinking
 l - a scroll of holy word
 n - 36 scrolls of remove curse
 o - 4 scrolls of silence
 r - 14 scrolls of magic mapping
 y - 11 scrolls of recharging
 F - a scroll of torment
Potions
 a - 9 potions of agility
 p - 6 potions of might
 v - 4 potions of invisibility
 A - 4 potions of cancellation
 B - 8 potions of heal wounds
 C - 2 potions of cure mutation
 D - 5 potions of brilliance
 J - 28 potions of curing
 O - 3 potions of resistance
 R - 3 potions of haste
Miscellaneous
 L - a fan of gales
 V - a lamp of fire
 X - a phial of floods
Comestibles
 t - 2 slices of pizza
 H - 28 bread rations
 N - 33 royal jellies
 Q - 25 meat rations


   Skills:
 O Level 27 Fighting
 - Level 26.2 Axes
   Level 0.8(18.2) Polearms
 - Level 16.0 Throwing
 O Level 27 Armour
 O Level 27 Dodging
 * Level 24.3 Stealth
   Level 6.0 Shields
 - Level 12.5 Evocations


You had 26 spell levels left.
You didn't know any spells.

Dungeon Overview and Level Annotations

Branches:
Dungeon (15/15)            Temple (0/1) D:6            Lair (8/8) D:9
 Shoals (4/4) Lair:6        Snake (4/4) Lair:5        Slime (6/6) Lair:7
    Orc (4/4) D:9             Elf (3/3) Orc:3        Vaults (5/5) D:14
  Crypt (3/3) Vaults:3       Tomb (1/3) Crypt:3      Depths (5/5) D:15
   Hell (1/1)                 Dis (1/7) Hell            Geh (1/7) Hell
    Coc (0/7) Hell            Tar (0/7) Hell            Zot (5/5) Depths:5

Altars:
Dithmenos
Elyvilon
Makhleb
Nemelex Xobeh
Okawaru
Ru
Sif Muna
Vehumet
Xom
Yredelemnul
The Shining One

Shops:
D:6 *[*:   D:7 %   Orc:3 [   Orc:4 (?=[*   Snake:1 (   Snake:4 =   Vaults:1 (
Vaults:3 :(*}   Depths:2 }

Portals:
Hell: Depths:1 Depths:2 Depths:3 Depths:4 Depths:5
Abyss: Depths:4
Pandemonium: Depths:3 Depths:4 Depths:5
Ziggurat: Depths:1

Annotations:
Snake:2 exclusion: Roxanne, Roxanne
Depths:2 1 exclusion


Innate Abilities, Weirdness & Mutations

You reflexively headbutt those who attack you in melee.
You have a pair of horns on your head.
You are clumsy. (Dex -2)
You are somewhat resistant to further mutation.
Your spells are a little harder to cast, but a little more powerful.
You expend magic power (3 MP) to strengthen your wands.


Message History

(P) Snake Pit (M) Slime Pits (O) Orcish Mines (E) Elven Halls (V) Vaults (C) Crypt (W) Tomb (U) Depths (H) Hell (I) Dis (G) Gehenna (X) Cocytus (Y) Tartarus (Z) Zot
Where to? (Enter - D:1, ? - help)
Okay, then.
Evoke which item? (* to show all) (? for menu, Esc to quit)
Zapping:
g - a wand of digging (11)
Press: ? - help, Shift-Dir - straight line The rock shatters into small pieces.
This wand has 10 charges left.
There is an open door here.
Evoke which item? (* to show all) (? for menu, Esc to quit)
Okay, then.
Evoke which item? (* to show all) (? for menu, Esc to quit)
Zapping:
g - a wand of digging (10)
Press: ? - help, Shift-Dir - straight line The rock shatters into small pieces.
This wand has 9 charges left.
You feel the effects of Trog's Hand fading.
There is a staircase leading out of the dungeon here.
You have escaped!

...#
###.......'......'.####
...#
#...#######......#.#
...#
#.#########.######.####
...# #...........#
#....# ...#
#...##.##...# #....#
...# #...#...#...#
#....# ##.#
#.###.8.###.# #....#
#.# #.#.......#.#
#....# #.###
#.'.8.@.8.+.# ##....#
#...# #.#.......#.#
#....## ###.#
#.###.8.###.# #....#
####.# #...#...#...#
#....# ..##.#
#...#####...# #....#
#.##.#
#...........#####....#
#.##.#
#.#####.....#........#
#.##.#
#...........'..)...####
#.##.#
#######.....#....#.....


There were no monsters in sight!

Vanquished Creatures
  the royal jelly (Slime:6)
  7 ancient liches
  7 orbs of fire
  Sojobo (Vaults:2)
  Frederick (Crypt:3)
  Margery (Depths:3)
  Saint Roka (Vaults:4)
  4 curse toes
  3 Killer Klowns (Zot:5)
  Geryon (Hell)
  5 golden dragons
  Jory (Crypt:3)
  A profane servitor (Crypt:3)
  Xtahua (Vaults:2)
  4 bone dragons
  11 liches
  7 electric golems
  A shard shrike zombie (Crypt:2)
  Jorgrun (Vaults:4)
  Rupert (D:12)
  27 tentacled monstrosities
  A hellephant (Abyss:1)
  Asterion (Snake:2)
  A deep elf blademaster (Elf:3)
  8 titans (Vaults:5)
  32 Orb Guardians
  34 acid blobs
  2 krakens
  An Executioner (Abyss:3)
  12 death cobs
  Gastronok (Lair:3)
  21 tentacled starspawn
  An octopode crusher (Depths:2)
  4 ancient champions
  Agnes (Snake:3)
  Kirke (D:15)
  7 tengu reavers
  12 shadow dragons
  6 draconian monks
  4 sphinxes
  18 storm dragons
  11 fire giants
  A revenant (Crypt:3)
  9 azure jellies
  Ilsuiw (Shoals:4)
  6 iron dragons
  Donald (Vaults:4)
  6 frost giants
  Maud (D:12)
  9 greater nagas
  10 draconian knights
  An orc warlord (Vaults:4)
  4 draconian scorchers
  2 ghost moths
  Aizul (Snake:2)
  3 cacodemons
  14 deep elf sorcerers
  2 curse skulls (Crypt:1)
  A balrug (Abyss:2)
  The ghost of blake the Peltast, a powerful MiFi of Okawaru (IceCv)
  6 draconian zealots
  6 ghouls
  A juggernaut zombie (Crypt:2)
  11 draconian annihilators
  19 vault wardens
  6 draconian shifters
  18 ironheart preservers
  4 war gargoyles
  A spriggan defender (Depths:4)
  24 stone giants
  7 reapers
  24 very ugly things
  7 draconian callers
  Nessos (Orc:4)
  8 green draconians
  5 black draconians
  8 deep elf demonologists
  4 salamander stormcallers
  11 yellow draconians
  4 lorocyprocas
  Azrael (Snake:2)
  10 purple draconians
  14 red draconians
  17 mottled draconians
  10 deep elf annihilators
  12 white draconians
  4 vampire knights
  An eidolon (Crypt:1)
  4 blizzard demons
  9 ettins
  30 vault guards
  A crystal guardian (Abyss:3)
  9 deep elf death magi
  11 merfolk javelineers
  A mummy priest (Tomb:1)
  7 death oozes
  A minotaur (Lab)
  2 quicksilver dragon zombies (Abyss:1)
  25 fire dragons
  10 merfolk impalers
  2 green deaths (Abyss:3)
  9 great orbs of eyes
  19 jiangshi
  4 entropy weavers
  7 deep elf high priests
  The ghost of Ultraviolent4 the Spear-Bearer, a powerful CeCj of Okawaru (Orc:4)
  Fannar (Orc:2)
  18 yaktaur captains
  A great orb of eyes (shapeshifter) (Vaults:5)
  Harold (Orc:3)
  3 spriggan air magi
  17 ice dragons
  13 naga warriors
  The ghost of yottam the Martial Artist, a powerful HuWn of Makhleb (Lair:1)
  2 hell beasts (Hell)
  7 anacondas
  5 rakshasas
  14 centaur warriors
  A ghost crab (shapeshifter) (Depths:3)
  11 hydras
  8 death knights
  25 ogre magi
  7 merfolk avatars
  2 catoblepae
  14 dancing weapons
  4 alligator snapping turtles
  9 merfolk aquamancers
  2 satyrs (Shoals:3)
  9 deep troll shamans
  7 deep troll earth magi
  6 vampire magi
  10 death yaks
  35 large abominations
  5 orc high priests
  4 spriggan berserkers
  15 tengu warriors
  A titan zombie (Abyss:1)
  Urug (D:12)
  11 naga sharpshooters
  3 hell hogs
  A shock serpent (shapeshifter) (Vaults:5)
  11 thrashing horrors
  6 iron trolls
  38 hell knights
  Sonja (Lair:4)
  6 sun demons
  34 small abominations
  26 deep elf knights
  8 shock serpents
  11 soul eaters
  20 wretched stars
  A fire crab (Vaults:3)
  A death drake (shapeshifter) (Vaults:5)
  33 skeletal warriors
  8 shadow wraiths
  4 salamander mystics
  5 ice devils
  4 spatial maelstroms
  2 swamp dragons (Depths:3)
  13 deep elf summoners
  A storm dragon skeleton (Vaults:4)
  28 deep trolls
  2 unseen horrors
  9 hill giants
  11 giant orange brains
  3 naga ritualists
  3 ice statues
  6 sea snakes
  16 phantasmal warriors
  3 lindwurms (Lair:8)
  2 anubis guards (Tomb:1)
  A harpy (shapeshifter) (Depths:1)
  2 putrid demonspawn
  17 orc knights
  8 flayed ghosts
  2 wolf spider zombies
  11 necromancers
  4 mana vipers
  5 cyclopes
  7 wolf spiders
  20 ironbrand convokers
  12 orc sorcerers
  13 deep elf conjurers
  32 harpies
  An orb spider (shapeshifter) (Vaults:5)
  3 fauns (Shoals:3)
  2 fire giant zombies
  21 griffons
  2 worldbinders
  52 ugly things
  An orb spider (Abyss:3)
  8 shining eyes
  A shadow dragon skeleton (Vaults:4)
  A stone giant zombie (Abyss:1)
  5 wizards
  6 apocalypse crabs
  6 sixfirhies
  3 hornets
  34 moths of wrath
  3 rust devils
  A shining eye (shapeshifter) (Vaults:5)
  15 salamanders
  21 manticores
  2 frost giant skeletons
  29 black mambas
  21 naga magi
  2 water nymphs (Shoals:4)
  2 fire giant skeletons
  Maurice (Orc:3)
  22 spiny frogs
  6 guardian serpents
  2 guardian serpents (shapeshifter)
  An iron dragon skeleton (Tomb:1)
  A shock serpent zombie (Crypt:1)
  5 sirens
  2 eyes of devastation (shapeshifter)
  A black mamba (shapeshifter) (Depths:4)
  2 salamanders (shapeshifter)
  22 elephants
  2 octopodes (shapeshifter) (Vaults:3)
  6 torpor snails (Lair:8)
  A molten gargoyle (Hell)
  5 eyes of devastation
  5 spectral swamp worms (Depths:4)
  6 orange demons
  3 demonic crawlers
  11 vault sentinels
  A dire elephant skeleton (Crypt:2)
  A shock serpent skeleton (Crypt:1)
  A redback zombie (Crypt:2)
  21 smoke demons
  7 tengu conjurers
  6 hellions
  8 ancient zymes
  A fire drake (shapeshifter) (Depths:4)
  5 red devils
  11 hellwings
  61 yaktaurs
  A komodo dragon (shapeshifter) (Elf:1)
  3 kobold demonologists
  3 fire drakes
  A guardian mummy (Tomb:1)
  2 tormentors (Dis:1)
  4 efreet
  15 deep elf priests
  4 jumping spiders
  8 wind drakes
  7 blue devils
  7 komodo dragons
  44 merfolk
  6 trolls
  2 giant leeches (Lair:8)
  A troll (shapeshifter) (Depths:1)
  A mottled draconian skeleton (Crypt:2)
  26 raiju
  A queen bee (Lair:7)
  5 polar bears
  14 freezing wraiths
  155 slime creatures
  24 two-headed ogres
  4 boulder beetles
  Prince Ribbit (D:9)
  29 blink frogs
  A queen bee (shapeshifter) (Vaults:5)
  An alligator zombie (Hell)
  3 fire dragon zombies
  A bog body (Crypt:2)
  An iron dragon simulacrum (Abyss:2)
  A centaur simulacrum (D:15)
  An ushabti (Tomb:1)
  A hydra skeleton (Hell)
  8 spriggans
  30 deep elf magi
  2 dire elephant simulacra (Abyss:3)
  2 wyverns
  21 water elementals
  60 flying skulls
  13 snapping turtles
  A trapdoor spider (D:14)
  3 alligator skeletons
  A yak (shapeshifter) (Depths:5)
  14 wraiths
  17 redbacks
  31 deep elf fighters
  A human (shapeshifter) (Vaults:5)
  8 shadows
  11 vampires
  4 air elementals
  6 hill giant zombies
  12 golden eyes
  A tarantella (Vaults:3)
  8 chaos spawn
  13 ynoxinuls
  56 yaks
  5 hungry ghosts
  3 fire bats (Abyss:3)
  A golden eye (shapeshifter) (Vaults:4)
  A basilisk (shapeshifter) (D:14)
  3 basilisks
  4 hogs (D:15)
  11 neqoxecs
  12 spatial vortices
  10 fire elementals
  Menkaure (D:4)
  12 hippogriffs
  12 vampire mosquitoes
  19 wolves
  A swamp worm (Depths:3)
  71 nagas
  12 wargs
  An infernal demonspawn zombie (Crypt:1)
  A torturous demonspawn zombie (Crypt:1)
  A deep troll zombie (Vaults:4)
  A porcupine (shapeshifter) (Vaults:5)
  2 spiny frog zombies
  A deep troll skeleton (Crypt:2)
  23 porcupines
  A fire dragon simulacrum (Abyss:2)
  6 hell hounds
  2 hydra simulacra (Hell)
  A spiny frog skeleton (Hell)
  17 water moccasins
  2 swamp drakes (Depths:3)
  48 orc warriors
  A human zombie (Vaults:4)
  A manticore zombie (Crypt:2)
  2 phantoms
  A sky beast (D:7)
  4 black bears
  15 boggarts
  An ogre (shapeshifter) (Depths:5)
  12 wasps
  18 ice beasts
  9 necrophages
  10 eyes of draining
  64 ogres
  A swamp dragon skeleton (Crypt:1)
  20 crocodiles
  12 big kobolds
  30 centaurs
  An earth elemental (Abyss:3)
  12 giant frogs
  6 brain worms
  A wyvern zombie (D:13)
  7 scorpions
  A wyvern skeleton (D:14)
  30 killer bees
  A spriggan zombie (Dis:1)
  A manticore simulacrum (Abyss:3)
  8 troll zombies (WizLab)
  A water moccasin skeleton (D:11)
  A troll skeleton (Lab)
  4 quasits
  3 electric eels (Elf:3)
  4 lava snakes (Lab)
  14 wights
  13 crimson imps
  2 giant frog zombies (D:13)
  6 centaur zombies
  39 starcursed masses
  7 hounds
  44 jellies
  50 orc priests
  A wasp zombie (D:11)
  12 human skeletons (Vaults:4)
  9 iron imps
  9 centaur skeletons
  17 iguanas
  46 orc wizards
  5 hell rats (Hell)
  16 sheep
  8 worker ants
  A hound zombie (D:9)
  2 mottled dragon zombies (Crypt:1)
  A naga zombie (Crypt:3)
  4 ogre zombies (WizLab)
  An ogre skeleton (Lab)
  A mummy (Tomb:1)
  2 hound skeletons
  A worker ant zombie (D:11)
  17 adders
  3 gnolls (D:6)
  81 river rats
  8 shadow imps
  9 white imps
  6 oozes
  An adder skeleton (D:6)
  20 worms
  6 giant geckos
  248 orcs
  9 giant cockroaches
  12 hobgoblins
  8 jackals
  19 kobolds
  6 quokkas
  3 ball pythons
  A ball python zombie (Crypt:2)
  7 bats
  A giant gecko zombie (D:5)
  6 giant newts
  7 goblins
  A jackal skeleton (D:9)
  A jackal zombie (D:8)
  11 rats
  7 crawling corpses
  3 fire vortices
  10 fungi
  2 lurking horrors (Abyss:2)
  5 plants
  13 starspawn tentacles
  7 tentacles
  A tentacle segment (Shoals:2)
4046 creatures vanquished.

Vanquished Creatures (collateral kills)
  An ancient lich (WizLab)
  A deep elf master archer (Elf:3)
  A titan (Depths:5)
  2 liches
  An octopode crusher (Depths:4)
  A shadow dragon (Depths:5)
  A deep elf sorcerer (Elf:3)
  A fire giant (Depths:5)
  A vault warden (Vaults:4)
  A frost giant (Vaults:4)
  A draconian scorcher (Zot:4)
  An ironheart preserver (Vaults:4)
  A stone giant (Depths:2)
  A green draconian (Depths:5)
  A lorocyproca (Depths:2)
  A salamander stormcaller (Vaults:5)
  A vault guard (Vaults:5)
  A deep elf high priest (Vaults:5)
  A jiangshi (Crypt:1)
  An entropy weaver (Depths:2)
  A hydra (Lair:4)
  A spriggan air mage (Depths:2)
  An ogre mage (Depths:4)
  A deep troll earth mage (Depths:5)
  An orc high priest (Orc:4)
  A deep elf knight (Elf:3)
  A deep troll (Depths:5)
  An ice statue (IceCv)
  A wolf spider (Vaults:4)
  An ironbrand convoker (Vaults:5)
  2 elephants (Lair:4)
  A two-headed ogre (Vaults:5)
  A spriggan (Depths:2)
  A water elemental (Depths:5)
  2 redbacks (Depths:2)
  A tarantella (Depths:2)
  2 orc warriors
  A wasp (Depths:2)
  A centaur (Vaults:4)
  A wight (WizLab)
  2 orc priests (D:9)
  2 orc wizards (D:9)
  2 orcs (D:9)
  A fire vortex (Vaults:5)
51 creatures vanquished.

Vanquished Creatures (others)
  A lich (Depths:1)
  A titan (Vaults:5)
  A tengu reaver (Vaults:5)
  A fire giant (Depths:5)
  A deep elf sorcerer (Depths:4)
  A draconian zealot (Zot:5)
  An ettin (Vaults:5)
  A vault guard (Vaults:5)
  2 yaktaur captains
  A centaur warrior (Vaults:2)
  2 deep elf high priests (Elf:3)
  An ogre mage (Vaults:1)
  2 deep elf knights
  A necromancer (Depths:1)
  A phantasmal warrior (Crypt:2)
  2 ugly things (Vaults:5)
  A salamander (Snake:3)
  A fire elemental (Hell)
  A water elemental (Depths:3)
  An orc warrior (Vaults:5)
  5 ogres
  An orc (Vaults:1)
  A fire vortex (Vaults:5)
  54 fungi
  7 lost souls
  46 plants
  29 starspawn tentacles
  99 starspawn tentacle segments
  20 tentacles
  555 tentacle segments
841 creatures vanquished.

Grand Total: 4938 creatures vanquished

Notes
Turn   | Place    | Note
--------------------------------------------------------------
     0 | D:1      | ONdooom the Minotaur Berserker began the quest for the Orb.
     0 | D:1      | Reached XP level 1. HP: 19/19 MP: 0/0
   102 | D:1      | Reached skill level 4 in Fighting
   147 | D:1      | Reached XP level 2. HP: 10/27 MP: 1/1
  1020 | D:2      | Reached XP level 3. HP: 34/34 MP: 2/2
  1057 | D:2      | Acquired Trog's second power
  1195 | D:2      | Reached skill level 5 in Fighting
  1222 | D:2      | Reached XP level 4. HP: 31/42 MP: 3/3
  1718 | D:3      | Found a shadowy altar of Dithmenos.
  2066 | D:3      | Reached XP level 5. HP: 37/49 MP: 4/4
  2371 | D:4      | Reached skill level 6 in Fighting
  3088 | D:4      | Reached skill level 5 in Dodging
  3088 | D:4      | Reached XP level 6. HP: 49/58 MP: 5/5
  3394 | D:4      | Acquired Trog's third power
  3411 | D:4      | Noticed Menkaure
  3419 | D:4      | Killed Menkaure
  3419 | D:4      | Reached skill level 7 in Fighting
  3419 | D:4      | Reached XP level 7. HP: 52/66 MP: 6/6
  3919 | D:5      | Entered Level 5 of the Dungeon
  4029 | D:5      | Found a burning altar of Makhleb.
  4616 | D:5      | Received a gift from Trog
  4717 | D:6      | Found a burning altar of Makhleb.
  4744 | D:6      | Reached skill level 8 in Fighting
  4823 | D:6      | Found Plog's Assorted Antiques.
  4827 | D:6      | Found Xengit's Antique Armour Boutique.
  4834 | D:6      | Reached XP level 8. HP: 38/75 MP: 7/7
  4849 | D:6      | Bought a pair of ancient boots for 171 gold pieces
  4855 | D:6      | Identified the cursed +0 pair of boots "Rinir" {rElec} (You bought it in a shop on level 6 of the Dungeon)
  4931 | D:6      | Found a burning altar of Makhleb.
  4957 | D:6      | Found Zutab's General Store.
  5328 | D:6      | Noticed an angel
  5348 | D:6      | Found Puesa's Book Shoppe.
  5422 | D:6      | Noticed a rust devil
  5464 | D:6      | Found a staircase to the Ecumenical Temple.
  5593 | D:6      | Reached skill level 9 in Fighting
  5636 | D:7      | Found Nodak's Food Shoppe.
  5733 | D:7      | Found a shimmering altar of Xom.
  5807 | D:7      | Got a pair of smoking gloves
  5813 | D:7      | Identified the cursed +0 pair of gloves of Lesser Demons {Int+3} (You found it on level 7 of the Dungeon)
  6083 | D:7      | Reached skill level 10 in Fighting
  6083 | D:7      | Reached XP level 9. HP: 80/85 MP: 8/8
  6345 | D:7      | Noticed a hill giant
  6354 | D:7      | Killed a hill giant
  6354 | D:7      | Reached skill level 10 in Dodging
  6379 | D:7      | Gained mutation: Your spells are a little harder to cast, but a little more powerful. [potion of beneficial mutation]
  6622 | D:8      | Found an iron altar of Okawaru.
  7075 | D:8      | Reached skill level 11 in Fighting
  7605 | D:9      | Found a staircase to the Lair.
  7862 | D:9      | Reached XP level 10. HP: 91/97 MP: 9/9
  7871 | D:9      | Reached skill level 12 in Fighting
  8079 | D:9      | Found a staircase to the Orcish Mines.
  8185 | D:9      | Noticed Prince Ribbit
  8192 | D:9      | Killed Prince Ribbit
  8934 | Lair:1   | Entered Level 1 of the Lair of Beasts
  9027 | Lair:1   | Reached skill level 13 in Fighting
  9882 | Lair:1   | Noticed yottam's ghost (powerful HuWn)
  9887 | Lair:1   | Upgraded the game from 0.17-a0-1837-g7c6a762 to 0.17-a0-1842-gacc33f2
  9906 | Lair:1   | Killed yottam's ghost
  9906 | Lair:1   | Reached XP level 11. HP: 108/108 MP: 10/10
 10177 | Lair:1   | Reached skill level 14 in Fighting
 11370 | Lair:2   | Reached skill level 15 in Fighting
 11571 | Lair:2   | Noticed a four-headed hydra
 11581 | Lair:2   | Killed a four-headed hydra
 11581 | Lair:2   | Reached skill level 5 in Armour
 11654 | Lair:2   | Received a gift from Trog
 12643 | Lair:2   | Reached XP level 12. HP: 104/119 MP: 11/11
 12862 | D:6      | Bought a runed cloak for 103 gold pieces
 12862 | D:6      | Bought a twisted ring mail for 207 gold pieces
 12887 | D:6      | Identified the +1 ring mail of Parlour Games {rN+ Str+3 Int+4} (You bought it in a shop on level 6 of the Dungeon)
 12898 | D:6      | Bought a silver ring for 90 gold pieces
 13623 | Lair:3   | Reached skill level 10 in Armour
 13770 | Lair:3   | Noticed Gastronok
 14302 | Lair:3   | Killed Gastronok
 14782 | Lair:4   | Noticed a seven-headed hydra
 14783 | Lair:4   | Noticed Sonja
 14835 | Lair:5   | Found a staircase to the Snake Pit.
 15384 | Lair:5   | Noticed a six-headed hydra
 15394 | Lair:5   | Killed a six-headed hydra
 16140 | Lair:6   | Reached skill level 5 in Stealth
 16193 | Lair:6   | Reached XP level 13. HP: 94/126 MP: 12/12
 16477 | Lair:6   | Got a blackened war axe
 16486 | Lair:6   | Identified the +10 war axe of Nightmares {flame, Dex+2} (You found it on level 6 of the Lair of Beasts)
 16498 | Lair:6   | Found a staircase to the Shoals.
 16629 | Lair:6   | Reached skill level 5 in Axes
 16633 | Lair:6   | Received a gift from Trog
 17960 | Lair:7   | Reached skill level 10 in Axes
 18220 | Lair:7   | Found a staircase to the Slime Pits.
 18419 | Lair:8   | Entered Level 8 of the Lair of Beasts
 18466 | Lair:8   | Found a frozen archway.
 18498 | IceCv    | Entered an ice cave
 18582 | IceCv    | Noticed blake's ghost (powerful MiFi)
 18590 | IceCv    | Killed blake's ghost
 18921 | Lair:4   | Killed a six-headed hydra
 18921 | Lair:4   | Received a gift from Trog
 18921 | Lair:4   | Reached XP level 14. HP: 135/135 MP: 13/13
 18925 | Lair:4   | Killed Sonja
 19013 | Lair:4   | Noticed an eight-headed hydra
 19021 | Lair:4   | Killed a five-headed hydra
 19284 | Lair:4   | Found a white marble altar of Elyvilon.
 20490 | Lair:8   | Reached skill level 15 in Axes
 20543 | Lair:8   | Received a gift from Trog
 20854 | Lair:8   | Found a runed door.
 20878 | Lair:8   | Reached skill level 16 in Axes
 21753 | Lair:8   | Received a gift from Trog
 21763 | Lair:8   | Reached skill level 17 in Axes
 22604 | Orc:1    | Entered Level 1 of the Orcish Mines
 22993 | Orc:1    | Received a gift from Trog
 23573 | Orc:3    | Noticed Maurice
 23580 | Orc:3    | Killed Maurice
 23580 | Orc:3    | Reached XP level 15. HP: 141/141 MP: 14/14
 23623 | Orc:3    | Noticed Harold
 23637 | Orc:3    | Killed Harold
 23675 | Orc:3    | Received a gift from Trog
 23681 | Orc:3    | Found a staircase to the Elven Halls.
 23750 | Orc:3    | Reached skill level 18 in Axes
 23765 | Orc:3    | Found Paematz's Antique Armour Shop.
 24461 | Orc:2    | Noticed Fannar
 24489 | Orc:2    | Killed Fannar
 24609 | Orc:4    | Entered Level 4 of the Orcish Mines
 24743 | Orc:4    | Found Pogun's General Store.
 24752 | Orc:4    | Bought a scroll of enchant weapon for 97 gold pieces
 24752 | Orc:4    | Bought a scroll of identify for 26 gold pieces
 24954 | Orc:4    | Noticed Ultraviolent4's ghost (powerful CeCj)
 24969 | Orc:4    | Killed Ultraviolent4's ghost
 25021 | Orc:4    | Noticed Nessos
 25021 | Orc:4    | Received a gift from Trog
 25037 | Orc:4    | Killed Nessos
 25591 | Orc:4    | Reached skill level 19 in Axes
 25757 | Orc:4    | Found Ceute's Antique Weapon Boutique.
 25938 | Orc:4    | Found Qoreihon's Antique Armour Boutique.
 25940 | Orc:4    | Found Soblysewk's Magic Scroll Emporium.
 25945 | Orc:4    | Found Vaot's Jewellery Emporium.
 25976 | Orc:4    | Bought the ring of the Good {+Fly MR+++ Int+2} for 438 gold pieces
 26203 | D:10     | Entered Level 10 of the Dungeon
 26205 | D:10     | Received a gift from Trog
 27564 | D:11     | Reached skill level 20 in Axes
 27947 | D:12     | Found a sacrificial altar of Ru.
 27957 | D:12     | Found a labyrinth entrance.
 27967 | Lab      | Entered a labyrinth
 28055 | Lab      | Got a translucent dagger
 28056 | Lab      | Identified the +5 dagger "Kalludaf" {freeze, -Tele rF+ MR- Dex+9} (You found it in a labyrinth)
 28424 | Lab      | Got a shimmering cloak
 28538 | Lair:1   | Identified the +1 cloak of the Invisible Hand {rPois rC- MR+ Regen+} (You found it in a labyrinth)
 28706 | D:12     | Reached skill level 1 in Shields
 28707 | D:12     | Received a gift from Trog
 28810 | D:12     | Noticed Rupert
 28817 | D:12     | Killed Rupert
 28829 | D:12     | Noticed Urug
 28839 | D:12     | Killed Urug
 28839 | D:12     | Reached skill level 5 in Shields
 29040 | D:12     | Noticed Maud
 29050 | D:12     | Killed Maud
 30023 | D:13     | Reached XP level 16. HP: 147/149 MP: 15/15
 30673 | D:14     | Got a pair of scorched boots
 30684 | D:14     | Identified the cursed -2 pair of boots "Pist" {Str+2 Int+2} (You found it on level 14 of the Dungeon)
 31212 | D:14     | Found a glowing golden altar of the Shining One.
 31224 | D:14     | Received a gift from Trog
 31224 | D:14     | Reached skill level 21 in Axes
 31427 | D:14     | Found a gate to the Vaults.
 31759 | D:15     | Entered Level 15 of the Dungeon
 32572 | D:15     | Noticed Kirke
 32587 | D:15     | Killed Kirke
 32610 | D:15     | Got a bound ivory ring
 32612 | D:15     | Identified the ring "Ifalyban" {rPois MR- MP+9 Dex+7} (You found it on level 15 of the Dungeon)
 32709 | D:15     | Found a staircase to the Depths.
 32721 | Depths:1 | Entered Level 1 of the Depths
 33324 | Snake:1  | Entered Level 1 of the Snake Pit
 33330 | Snake:1  | Reached skill level 22 in Axes
 33507 | Snake:1  | Received a gift from Trog
 33728 | Snake:1  | Found Obaustas's Antique Weapon Boutique.
 34293 | Snake:2  | Noticed Asterion
 34310 | Snake:2  | Killed Asterion
 34373 | Snake:2  | Noticed Roxanne
 34471 | Snake:2  | Noticed Aizul
 34488 | Snake:2  | Killed Aizul
 34506 | Snake:2  | Reached skill level 23 in Axes
 34988 | Snake:2  | Noticed Azrael
 35003 | Snake:2  | Killed Azrael
 35254 | Snake:2  | Reached XP level 17. HP: 139/156 MP: 16/16
 36237 | Snake:3  | Noticed Agnes
 36245 | Snake:3  | Killed Agnes
 36300 | Snake:3  | Reached skill level 24 in Axes
 36310 | Snake:3  | Received a gift from Trog
 36783 | Snake:4  | Entered Level 4 of the Snake Pit
 36809 | Snake:4  | Found Hopluergh's Jewellery Boutique.
 37704 | Snake:1  | Reached skill level 25 in Axes
 37819 | Shoals:1 | Entered Level 1 of the Shoals
 39698 | Shoals:2 | Got a blackened ring mail
 40645 | Shoals:3 | Received a gift from Trog
 40722 | Shoals:3 | Reached XP level 18. HP: 135/163 MP: 17/17
 40763 | Shoals:3 | Reached skill level 26 in Axes
 41684 | Lair:1   | Identified the +3 ring mail of the Volcano {rF++ rC- Regen+ Dex+3} (You found it on level 2 of the Shoals)
 42514 | Shoals:3 | Reached skill level 1 in Throwing
 42720 | Shoals:3 | Reached skill level 1 in Evocations
 42769 | Shoals:4 | Entered Level 4 of the Shoals
 43514 | Snake:4  | Received a gift from Trog
 44923 | Snake:4  | Reached skill level 5 in Throwing
 44999 | Snake:4  | Reached skill level 5 in Evocations
 45013 | Snake:4  | Got a serpentine rune of Zot
 45121 | Snake:4  | Received a gift from Trog
 45131 | Snake:4  | Got a brightly glowing battleaxe {god gift}
 45132 | Snake:4  | Identified the +13 battleaxe "Cumool" {chop, Dex+4} (Trog gifted it to you on level 4 of the Snake Pit)
 46595 | Shoals:4 | Noticed Ilsuiw
 46859 | Shoals:4 | Received a gift from Trog
 47282 | Shoals:4 | Reached XP level 19. HP: 54/170 MP: 23/23
 48287 | Shoals:4 | Killed Ilsuiw
 48557 | Shoals:4 | Got a barnacled rune of Zot
 49450 | Vaults:1 | Entered Level 1 of the Vaults
 49637 | Vaults:1 | Received a gift from Trog
 49683 | Vaults:1 | Reached skill level 10 in Throwing
 50100 | Vaults:1 | Found Optaep's Antique Weapon Shop.
 50147 | Vaults:1 | Received a gift from Trog
 50280 | Vaults:1 | Received a gift from Trog
 50721 | Orc:3    | Bought a runed swamp dragon armour for 1750 gold pieces
 51240 | Vaults:1 | Received a gift from Trog
 51642 | Vaults:2 | Received a gift from Trog
 51669 | Vaults:2 | Noticed Xtahua
 51677 | Vaults:2 | Killed Xtahua
 52407 | Vaults:2 | Received a gift from Trog
 52437 | Vaults:2 | Got an ichor-stained ring mail
 52448 | Vaults:2 | Identified the +1 ring mail of the Crypt {MR+ Int+2 Dex+2} (You found it on level 2 of the Vaults)
 53503 | Vaults:2 | Reached XP level 20. HP: 164/178 MP: 25/25
 53533 | Vaults:2 | Noticed Sojobo
 53539 | Vaults:2 | Received a gift from Trog
 53545 | Vaults:2 | Reached skill level 10 in Stealth
 53552 | Vaults:2 | Killed Sojobo
 53781 | Vaults:3 | Found Cuypil's Weapon Shop.
 53796 | Vaults:3 | Received a gift from Trog
 53815 | Vaults:3 | Found Soemmyaz's Book Boutique.
 53878 | Vaults:3 | Found Eveulejo's Assorted Antiques.
 54787 | Vaults:3 | Received a gift from Trog
 55488 | Vaults:4 | HP: 1/179 [disintegration (42)]
 56093 | Vaults:4 | Noticed Donald
 56101 | Vaults:4 | Killed Donald
 56125 | Vaults:4 | Noticed Saint Roka
 56182 | Vaults:4 | Received a gift from Trog
 56510 | Vaults:4 | Noticed Jorgrun
 56534 | Vaults:4 | Killed Jorgrun
 57287 | Vaults:3 | Found a staircase to the Crypt.
 57454 | Vaults:3 | Received a gift from Trog
 57802 | Vaults:3 | Found Urranet's Gadget Boutique.
 57862 | Vaults:4 | Reached XP level 21. HP: 187/194 MP: 26/26
 57927 | Vaults:4 | Got a heavily runed scale mail
 57928 | Vaults:4 | Identified the +1 scale mail of the Camelopard {+Fly} (You found it on level 4 of the Vaults)
 57960 | Vaults:4 | Reached skill level 15 in Dodging
 58299 | Vaults:4 | Got a jewelled arbalest
 58300 | Vaults:4 | Identified the +7 arbalest of Blood-Lust {penet, *Confuse +Inv rPois MR+} (You found it on level 4 of the Vaults)
 58623 | Vaults:4 | Received a gift from Trog
 58713 | Vaults:4 | Killed Saint Roka
 59735 | Vaults:3 | Got a brightly glowing hand axe
 60267 | Shoals:3 | Got a slimy broad axe {god gift}
 60308 | Shoals:3 | Received a gift from Trog
 60364 | Shoals:3 | Got a dazzling mace
 60649 | Lair:1   | Identified the +8 mace "Isiur" {drain, rElec rF++ MR+ Stlth-} (You found it on level 3 of the Shoals)
 60656 | Lair:1   | Identified the +4 hand axe of Instant Death {freeze, rPois Stlth+} (You found it on level 3 of the Vaults)
 60657 | Lair:1   | Identified the +1 broad axe of Liudwib {vamp, *Noise rF+ Str+2} (Trog gifted it to you on level 3 of the Shoals)
 60804 | Elf:1    | Entered Level 1 of the Elven Halls
 60833 | Elf:1    | Found a radiant altar of Vehumet.
 61906 | Elf:1    | Received a gift from Trog
 62439 | Elf:2    | Found a huge runed gate.
 62439 | Elf:2    | Found a huge runed gate.
 62439 | Elf:2    | Found a huge runed gate.
 62444 | Elf:2    | Found a huge runed gate.
 62444 | Elf:2    | Found a huge runed gate.
 63340 | Elf:3    | Entered Level 3 of the Elven Halls
 63546 | Elf:3    | Found a portal to a secret trove of treasure.
 63552 | Elf:3    | Received a gift from Trog
 63840 | Elf:3    | Received a gift from Trog
 63939 | Elf:3    | Received a gift from Trog
 63967 | Elf:3    | Got a scorched hand axe {god gift}
 63968 | Elf:3    | Identified the +12 hand axe of Eternal Harmony {chop, MR+ Dex+4} (Trog gifted it to you on level 3 of the Elven Halls)
 64778 | Elf:3    | Reached XP level 22. HP: 201/209 MP: 28/28
 64853 | Elf:3    | Got a coiled glass ring
 64930 | Elf:3    | Got a clouded graven amulet
 65178 | Elf:3    | Received a gift from Trog
 65979 | Elf:3    | Identified the ring of Doubts {rN+ Int+4} (You took it off a deep elf high priest on level 3 of the Elven Halls)
 65980 | Elf:3    | Identified the amulet "Gif Zaem" {Ward +Blink rPois rN+ MP-9 Str+5} (You took it off a deep elf high priest on level 3 of the Elven Halls)
 66409 | Elf:3    | Reached skill level 10 in Evocations
 67484 | D:15     | Got a transparent robe
 67707 | Lair:1   | Identified the +0 robe "Xamileck" {rF+ Str+3 Int-5 Dex+5} (You found it on level 15 of the Dungeon)
 68112 | Depths:1 | Received a gift from Trog
 68318 | Depths:1 | Received a gift from Trog
 68322 | Depths:1 | Found a gateway to a ziggurat.
 68675 | Depths:2 | HP: 5/209 [spriggan air mage/the air[a spriggan berserker] (14)]
 68757 | Depths:2 | Reached skill level 15 in Armour
 69125 | Depths:2 | Received a gift from Trog
 69243 | Depths:2 | Found Imaq's Gadget Shop.
 69468 | Depths:2 | Received a gift from Trog
 69650 | Depths:2 | Received a gift from Trog
 70123 | Depths:2 | Found a gateway to Hell.
 70351 | Depths:2 | Got an ichor-stained lajatang
 70352 | Depths:2 | Identified the +3 lajatang "Z" {antimagic, +Blink rC- MR+ Dex+6} (You found it on level 2 of the Depths)
 70657 | Depths:3 | Found a one-way gate leading to the halls of Pandemonium.
 70720 | Depths:3 | Noticed Margery
 70729 | Depths:3 | Killed Margery
 70753 | Depths:3 | Received a gift from Trog
 70759 | Depths:3 | Found a magical portal.
 70768 | WizLab   | Entered Zonguldrok's Shrine
 71132 | WizLab   | Reached XP level 23. HP: 215/215 MP: 30/30
 71254 | WizLab   | Noticed an antique lich
 71258 | WizLab   | Killed an antique lich
 72346 | Depths:1 | Noticed a lich
 72358 | Depths:1 | Killed a lich
 72376 | Depths:1 | Noticed a lich
 72390 | Depths:1 | Killed a lich
 72392 | Depths:1 | Killed a lich
 72599 | Depths:3 | Received a gift from Trog
 73466 | Lair:1   | Gained mutation: You are somewhat resistant to further mutation. [potion of beneficial mutation]
 74123 | Depths:3 | Found a sparkling altar of Nemelex Xobeh.
 74414 | Depths:4 | Found a one-way gate to the infinite horrors of the Abyss.
 74526 | Depths:4 | Received a gift from Trog
 74633 | Depths:4 | Received a gift from Trog
 75850 | Depths:4 | Received a gift from Trog
 75875 | Depths:4 | Reached XP level 24. HP: 215/224 MP: 30/30
 76140 | Depths:4 | Identified the Tome of Aid and the Frostbite
 76181 | Depths:4 | Identified the Papyrus of Moulding and Evil Rituals
 76190 | Depths:4 | Found a deep blue altar of Sif Muna.
 76268 | Depths:4 | Noticed an ancient lich
 76277 | Depths:4 | Killed an ancient lich
 76444 | Depths:4 | Got a slimy ruby amulet
 76657 | Depths:4 | Identified the amulet "Dosif Hile" {Inacc Str+3} (You found it on level 4 of the Depths)
 76659 | Depths:4 | Identified a +0 rod of shadows (13/13) (You found it on level 4 of the Depths)
 76705 | Depths:5 | Entered Level 5 of the Depths
 76919 | Depths:5 | Found a gate to the Realm of Zot.
 76965 | Depths:5 | Found a gateway to a bazaar.
 77005 | Depths:5 | Received a gift from Trog
 77247 | Bazaar   | Entered a bazaar
 77247 | Bazaar   | Found Rakarei's Magic Scroll Shoppe.
 77247 | Bazaar   | Found Luxkaihu's General Store.
 77250 | Bazaar   | Found Xuakuvve's Assorted Antiques.
 77253 | Bazaar   | Bought a scroll of recharging for 114 gold pieces
 77253 | Bazaar   | Bought a scroll of enchant weapon for 90 gold pieces
 77253 | Bazaar   | Bought 3 scrolls of fog for 72 gold pieces
 77259 | Bazaar   | Bought a scroll of teleportation for 87 gold pieces
 77263 | Bazaar   | Found Quled's Weapon Shop.
 77298 | Bazaar   | Bought a potion of agility for 52 gold pieces
 77302 | Bazaar   | Found Eczergh's Food Shop.
 77310 | Bazaar   | Bought a bread ration for 50 gold pieces
 77310 | Bazaar   | Bought a meat ration for 50 gold pieces
 77310 | Bazaar   | Bought a meat ration for 50 gold pieces
 77310 | Bazaar   | Bought a meat ration for 50 gold pieces
 77310 | Bazaar   | Bought a bread ration for 50 gold pieces
 77310 | Bazaar   | Bought a slice of pizza for 15 gold pieces
 77310 | Bazaar   | Bought a meat ration for 50 gold pieces
 77310 | Bazaar   | Bought a bread ration for 50 gold pieces
 77310 | Bazaar   | Bought a meat ration for 50 gold pieces
 77310 | Bazaar   | Bought a meat ration for 50 gold pieces
 77310 | Bazaar   | Bought a meat ration for 50 gold pieces
 77310 | Bazaar   | Bought 3 fruits for 45 gold pieces
 77310 | Bazaar   | Bought a beef jerky for 15 gold pieces
 79021 | Hell     | Entered the Vestibule of Hell
 79021 | Hell     | Noticed Geryon
 79414 | Hell     | Killed Geryon
 79781 | Depths:2 | Received a gift from Trog
 80426 | Elf:3    | You paid a toll of the horn of Geryon to enter a treasure trove
 80427 | Trove    | Entered a treasure trove
 81143 | Hell     | Found a gateway to the ashen valley of Gehenna.
 81354 | Hell     | Found a gateway to the Iron City of Dis.
 81396 | Hell     | Upgraded the game from 0.17-a0-1842-gacc33f2 to 0.17-a0-1849-g8a24fa2
 81473 | Hell     | Found a gateway to the decaying netherworld of Tartarus.
 82455 | Vaults:5 | Entered Level 5 of the Vaults
 82480 | Vaults:5 | Received a gift from Trog
 82534 | Vaults:5 | Reached XP level 25. HP: 153/231 MP: 31/31
 82621 | Vaults:5 | Reached skill level 15 in Throwing
 82698 | Vaults:5 | Got a polished leather armour
 82699 | Vaults:5 | Identified the +1 leather armour "Ojueff" {rCorr} (You took it off a deep elf sorcerer on level 5 of the Vaults)
 83139 | Vaults:5 | Received a gift from Trog
 83401 | Vaults:5 | Got a heavily runed bone ring
 83525 | Vaults:5 | Received a gift from Trog
 83719 | Vaults:5 | Identified the ring "Othraoru" {+/*Tele rC+ Dex+4} (You took it off a vault guard on level 5 of the Vaults)
 83973 | Vaults:5 | Received a gift from Trog
 84075 | Vaults:5 | Received a gift from Trog
 84107 | Vaults:5 | Got an ancient hand crossbow {god gift}
 84108 | Vaults:5 | Identified the +2 hand crossbow of a labyrinth {elec, rPois MR+ Str-2 Dex+7} (Trog gifted it to you on level 5 of the Vaults)
 84384 | Vaults:5 | Got a transparent falchion
 84385 | Vaults:5 | Identified the +3 falchion "Orb Guardian's Foe" {drain, rF+ Str+3 Dex+2} (You took it off a vault sentinel on level 5 of the Vaults)
 84403 | Vaults:5 | Cast into the Abyss (vault warden)
 84572 | Abyss:2  | Found a roughly hewn altar of Beogh.
 84590 | Abyss:2  | Found a roughly hewn altar of Beogh.
 84875 | Abyss:2  | Reached XP level 26. HP: 247/251 MP: 31/31
 84924 | Abyss:2  | Got a pitted ring mail
 85239 | Abyss:2  | Found a roughly hewn altar of Beogh.
 85395 | Abyss:2  | Received a gift from Trog
 85408 | Vaults:5 | Escaped the Abyss
 86019 | Lair:1   | Identified the +1 ring mail "Heapta" {Dex+4} (You found it on level 2 of the Abyss)
 86496 | Vaults:5 | Received a gift from Trog
 87042 | Vaults:5 | Got a silver rune of Zot
 87157 | Vaults:5 | Received a gift from Trog
 88490 | Slime:1  | Entered Level 1 of the Pits of Slime
 89618 | Slime:3  | Received a gift from Trog
 90065 | Slime:4  | Received a gift from Trog
 90922 | Slime:6  | Entered Level 6 of the Pits of Slime
 91514 | Lair:1   | Upgraded the game from 0.17-a0-1849-g8a24fa2 to 0.17-a0-1881-g2f5db94
 91970 | Slime:5  | Received a gift from Trog
 92252 | Slime:6  | Noticed the royal jelly
 92273 | Slime:6  | Gained mutation: You are clumsy. (Dex -2) [a shining eye]
 92523 | Slime:6  | Killed the royal jelly
 92918 | Slime:6  | Reached XP level 27. HP: 246/261 MP: 31/31
 93249 | Slime:6  | Got a pearl-encrusted plate armour
 93287 | Slime:6  | Got a slimy glass ring
 93340 | Slime:6  | Received a gift from Trog
 93356 | Slime:6  | Identified the +8 plate armour of Mirth {*Drain rElec rPois Dex+4} (You found it on level 6 of the Pits of Slime)
 93358 | Slime:6  | Identified the ring of Temptation {Ice *Confuse rN+ Str+2} (You found it on level 6 of the Pits of Slime)
 93362 | Slime:6  | Got a pitted rapier
 93363 | Slime:6  | Identified the +9 rapier "Lat Miewaf" {flame, rElec Dex+3} (You found it on level 6 of the Pits of Slime)
 93384 | Slime:6  | Got a fine morningstar
 93389 | Slime:6  | Got a slimy rune of Zot
 93735 | Lair:1   | Identified the +4 morningstar "Feemnig" {crush, rF+} (You found it on level 6 of the Pits of Slime)
 94089 | Zot:1    | Entered Level 1 of the Realm of Zot
 94767 | Zot:1    | Noticed an orb of fire
 94782 | Zot:1    | Killed an orb of fire
 95971 | Zot:2    | Received a gift from Trog
 96853 | Zot:2    | Received a gift from Trog
 97324 | Zot:3    | Received a gift from Trog
 97327 | Zot:3    | Got a faintly glowing battleaxe {god gift}
 97328 | Zot:3    | Identified the +2 battleaxe of Anxiety {drain, Dex+3} (Trog gifted it to you on level 3 of the Realm of Zot)
 97937 | Zot:3    | Noticed an orb of fire
 97949 | Zot:3    | Killed an orb of fire
 98643 | Zot:3    | Reached skill level 27 in Dodging
 99157 | Zot:4    | Received a gift from Trog
100282 | Zot:5    | Entered Level 5 of the Realm of Zot
100426 | Zot:5    | Received a gift from Trog
100778 | Zot:5    | Reached skill level 27 in Fighting
101681 | D:6      | Bought a glowing cloak for 103 gold pieces
101700 | D:6      | Bought a scroll of identify for 36 gold pieces
101700 | D:6      | Bought a potion of flight for 54 gold pieces
101700 | D:6      | Bought a potion of agility for 72 gold pieces
101700 | D:6      | Bought a potion of agility for 72 gold pieces
101700 | D:6      | Bought a scroll of identify for 36 gold pieces
101712 | D:6      | Bought a potion of heal wounds for 70 gold pieces
101712 | D:6      | Bought a scroll of identify for 28 gold pieces
101712 | D:6      | Bought a bread ration for 70 gold pieces
101712 | D:6      | Bought a meat ration for 70 gold pieces
101913 | Orc:4    | Bought a potion of agility for 52 gold pieces
101913 | Orc:4    | Bought a scroll of identify for 26 gold pieces
101995 | Orc:4    | Bought a scroll of silence for 112 gold pieces
101995 | Orc:4    | Bought 3 scrolls of blinking for 337 gold pieces
101995 | Orc:4    | Bought a scroll of identify for 30 gold pieces
101995 | Orc:4    | Bought a scroll of teleportation for 45 gold pieces
101995 | Orc:4    | Bought a scroll of recharging for 142 gold pieces
101995 | Orc:4    | Bought a scroll of fear for 52 gold pieces
101995 | Orc:4    | Bought a scroll of identify for 30 gold pieces
102435 | Vaults:3 | Bought a potion of heal wounds for 205 gold pieces
102435 | Vaults:3 | Bought a potion of heal wounds for 205 gold pieces
102435 | Vaults:3 | Bought 2 potions of haste for 820 gold pieces
102435 | Vaults:3 | Bought a scroll of recharging for 389 gold pieces
103199 | Vaults:5 | Got a faintly humming robe
103202 | Vaults:5 | Got an ichor-stained ring mail
103246 | Vaults:5 | Got a shimmering scale mail
103283 | Vaults:5 | Got a jewelled chain mail
103325 | Vaults:5 | Identified the +1 robe "Naaloxeloacw" {rPois rF- rCorr Int+2} (You found it on level 5 of the Vaults)
103326 | Vaults:5 | Identified the +4 ring mail of Bedevilment {-Cast rC- rN+++ Regen+} (You took it off a vault guard on level 5 of the Vaults)
103327 | Vaults:5 | Identified the cursed +1 scale mail of Subjectivity {rElec rF- rC+ rCorr Int+2} (You took it off a vault warden on level 5 of the Vaults)
103328 | Vaults:5 | Identified the +2 chain mail "Pokaem" {Regen+ MP+9 Str+4} (You took it off a deep elf high priest on level 5 of the Vaults)
104265 | Depths:4 | Voluntarily entered the Abyss.
104265 | Abyss:1  | Found a corrupted altar of Lugonu.
104286 | Abyss:1  | Paralysed by accursed screaming for 1 turns
104311 | Abyss:1  | Got a pair of crude boots
104313 | Abyss:1  | Identified the cursed +0 pair of boots of the Lion {rF+ MP+9 Str-4} (You found it on level 1 of the Abyss)
104714 | Abyss:1  | Received a gift from Trog
105342 | Abyss:2  | Received a gift from Trog
105656 | Abyss:2  | Found a snail-covered altar of Cheibriados.
105943 | Abyss:3  | Found a corrupted altar of Lugonu.
105955 | Abyss:3  | Got an abyssal rune of Zot
105956 | Abyss:3  | Reached skill level 27 in Armour
106658 | Abyss:3  | Got a shimmering robe
106753 | Abyss:3  | Received a gift from Trog
106806 | Abyss:3  | Found a corrupted altar of Lugonu.
106909 | Abyss:3  | Got a translucent glass ring
107020 | Abyss:3  | Gained mutation: You expend magic power (3 MP) to strengthen your wands. [a neqoxec]
107148 | Abyss:3  | Reached skill level 15 in Stealth
107476 | Depths:4 | Escaped the Abyss
107786 | D:9      | Received a gift from Trog
107805 | Lair:1   | Identified the +2 robe "Ucakoaf" {MR+ Int+2} (You found it on level 3 of the Abyss)
107806 | Lair:1   | Identified the ring "Uwifriv" {SustAt Str+3} (You took it off a rakshasa on level 3 of the Abyss)
108203 | Dis:1    | Entered Level 1 of the Iron City of Dis
108541 | Hell     | Found a gateway to the freezing wastes of Cocytus.
109012 | Crypt:1  | Entered Level 1 of the Crypt
110036 | Crypt:2  | Received a gift from Trog
110280 | Crypt:3  | Entered Level 3 of the Crypt
110575 | Crypt:3  | Found a basalt altar of Yredelemnul.
110597 | Crypt:3  | Noticed Frederick
110617 | Crypt:3  | Killed Frederick
111033 | Crypt:3  | Noticed Jory
111034 | Crypt:3  | Found a staircase to the Tomb.
111050 | Crypt:3  | Killed Jory
111435 | Crypt:3  | Got a crude hunting sling
111487 | Crypt:3  | Got a brightly glowing hunting sling
111527 | Tomb:1   | Entered Level 1 of the Tomb of the Ancients
112596 | Lair:1   | Identified the +5 hunting sling of Pestilence {freeze, MR+ Int+2 Dex+6 SInv} (You found it on level 3 of the Crypt)
112597 | Lair:1   | Identified the cursed +0 hunting sling "Arcanum" {velocity, rPois MR+ Str+3} (You found it on level 3 of the Crypt)
113347 | Zot:5    | Noticed an orb of fire
113363 | Zot:5    | Killed an orb of fire
113518 | Zot:5    | Noticed an ancient lich
113533 | Zot:5    | Killed an ancient lich
113533 | Zot:5    | Received a gift from Trog
113608 | Zot:5    | Noticed an ancient lich
113625 | Zot:5    | Killed an ancient lich
113670 | Zot:5    | Noticed an ancient lich
113680 | Zot:5    | Killed an ancient lich
113843 | Zot:5    | Noticed an orb of fire
113844 | Zot:5    | Noticed an orb of fire
113858 | Zot:5    | Killed an orb of fire
113858 | Zot:5    | Killed an orb of fire
114062 | Zot:5    | Noticed an ancient lich
114371 | Zot:5    | Noticed an orb of fire
114423 | Zot:5    | Noticed an ancient lich
114429 | Zot:5    | Killed an orb of fire
114708 | Zot:5    | Noticed an ancient lich
114736 | Zot:5    | Killed an ancient lich
114783 | Zot:5    | Killed an ancient lich
114787 | Zot:5    | Noticed an orb of fire
114817 | Zot:5    | Killed an orb of fire
115065 | Zot:5    | Killed an ancient lich
116427 | Geh:1    | Entered Level 1 of Gehenna
116704 | Zot:5    | Got the Orb of Zot
116929 | Zot:2    | Noticed Jumush the pandemonium lord
116933 | Zot:2    | Noticed Biqeeth the pandemonium lord
117095 | Depths:4 | Received a gift from Trog
117569 | D:1      | Noticed a seraph
117617 | D:$      | Escaped with the Orb!

Vault maps used:
D:1:      dpeg_arrival_simpleton_c
D:2:      st_stairs_12
D:3:      first_bread, minivault_27, nicolae_dithmenos_through_a_glass_darkly
D:4:      uniq_menkaure
D:5:      makhleb_grotto_becter, serial_curves, eino_curves_04, eino_curves_02,
          dk_noncrumbling_3
D:6:      temple_garden, basic_altar, serial_shops, nicolae_shop_statue_plus,
          nicolae_shop_crystal, kennysheep_mini,
          nicolae_shop_temple_entry_statues_fountains, bloody_makhleb
D:7:      serial_shops, nicolae_shop_statue_plus, xom_teletrap_fun
D:8:      hangedman_little_slice_of_home, kennysheep_flooded_box, minivault_11,
          kennysheep_generic_room_2
D:9:      erik_lair_orcish_takeover, david_orc_4, uniq_prince_ribbit1
D:11:     minmay_misc_feat_iff, grunt_ministairs_14
D:12:     lab_entry_generic, nicolae_ru_awakened_eye, uniq_urug, uniq_rupert,
          uniq_maud
D:14:     hangedman_vaults_entry_quadrant_bands, nicolae_tso_swordbearing_angel
D:15:     grunt_enter_depths_magical_seal, minmay_misc_feat_rugged, uniq_kirke
Lair:1:   serial_bayou_shore_a
Lair:2:   grunt_megastairs_4
Lair:3:   uniq_gastronok
Lair:4:   basic_altar, nicolae_lair_grove_arrangements, roderic_lost_polar_bear,
          uniq_sonja
Lair:5:   minmay_snake_entry_guardpost_small, beast_lair_carwin_3
Lair:6:   minmay_shoals_entry_beasts
Lair:7:   slime_dummy, special_room, grunt_megastairs_3
Lair:8:   hangedman_lair_in_review, wormcave,
          portal_ice_cave_entry_animals_and_master, serial_bayou_shore_b,
          infiniplex_staircase_pool_2
Shoals:2: nicolae_shoals_seven_spires
Shoals:3: cheibrodos_shoals_roost, kb_tengu_band
Shoals:4: shoals_end_hangedman, shoals_ilsuiw_alternative,
          nicolae_shoals_aquamancer_cove
Snake:1:  serial_shops, nicolae_shop_stone, serial_bayou_pond_e
Snake:2:  uniq_asterion, uniq_azrael, uniq_roxanne, uniq_aizul
Snake:3:  uniq_agnes
Snake:4:  minmay_snake_end_coiled, serial_shops, shop
Slime:1:  cheibrodos_slime_lost_civilization_6
Orc:1:    nicolae_orc_rockfall
Orc:2:    uniq_fannar
Orc:3:    nicolae_orc_pool_cavern, guppyfry_orc_lava_fort, uniq_harold,
          uniq_maurice
Orc:4:    st_orc_elflike, serial_shops, shop, uniq_nessos
Elf:1:    eino_elf_arrival_altar
Elf:3:    minmay_elf_hall_spiked, enter_trove_1
Vaults:1: vaults_dpeg_ring, vaults_room_mumra_shop_pool,
          nicolae_vaults_alarming, hangedman_vaults_trim,
          hangedman_vaults_corner, grunt_vaults_swirl, vaults_dpeg_spiral,
          hangedman_vaults_corner_blocks, v_misc_25, nicolae_vaults_gold_heap,
          nicolae_vaults_mini_display_case, ontoclasm_vaults_hangar, v_misc_31,
          ontoclasm_vaults_ligature
Vaults:2: v_pattern_5, dpeg_vaults_monster_box, v_misc_13, st_hourglassy,
          v_alt_pattern_5, vaults_room_semicircle, ontoclasm_vaults_misaligned,
          nicolae_vaults_little_squares_3, v_alt_pattern_4, v_misc_30,
          uniq_xtahua, uniq_sojobo
Vaults:3: v_misc_12, vaults_mumra_hex, grunt_vaults_hallway_short,
          grunt_vaults_funnel, v_misc_14, v_misc_28, v_rooms_6,
          vaults_mumra_lcd, minmay_crypt_entry_simple_walls,
          ontoclasm_vaults_pinch, hangedman_vaults_corner_blocks,
          nicolae_vaults_stairing_the_circle, serial_shops, shop,
          nicolae_shop_temple_entry_statues_fountains, shop_statue, shop
Vaults:4: v_alt_pattern_6, hangedman_vaults_stitches, v_misc_18,
          st_quartered_hall, v_misc_17, dpeg_vaults_monster_row,
          hangedman_vaults_trim, stair_cage_open, v_misc_27, grunt_vaults_focal,
          nicolae_vaults_little_squares_6, uniq_saint_roka, uniq_donald,
          uniq_jorgrun
Crypt:2:  lemuel_upstairs_altar, serial_sigils_hangedman_shear
Crypt:3:  grunt_crypt_end_deaths_head, uniq_frederick
Depths:1: enter_ziggurat_a, grunt_hell_entry_dis_mu, kennysheep_potato
Depths:2: kennysheep_demon_jail, serial_shops, nicolae_shop_behind_doors,
          hangedman_abyss_or_decor_clamps, hangedman_coc_ice_floe
Depths:3: onia_ninara_swampy_vault, rand_demon_pan_entry_7,
          nemelex_xobeh_ov_fountains_minmay, hell_entry, mu_enter_wizlab_6,
          grunt_megastairs_5, uniq_margery
Depths:4: evilmike_library_of_no_secrets, abyss_entry,
          hangedman_abyss_or_decor_passed, pf_hell_entry_tar_river,
          grunt_pan_entry_in_and_out, nicolae_water_bricks
Depths:5: grunt_crosshair, pan_entry, serial_bayou_lagoon_a, hell_entry,
          serial_shops, bzr_entry_safe
Dis:1:    nrook_loot_triangle
Geh:1:    gehenna_fire_generator, nicolae_geh_fiery_graves
Zot:3:    st_small_dragon_hoard_1
Zot:4:    kennysheep_six_static_rooms
Zot:5:    st_stairs_11, guppyfry_library_mini
Abyss:2:  serial_sigils_hangedman_gut
Abyss:3:  evilmike_abyss_rune_shrine
Lab:      nicolae_lab_blocks, nicolae_lab_grate_2, labyrinth_skeletal_remains,
          nicolae_lab_arrow, labyrinth_lava_lair
Bazaar:   bazaar_kb_twisted_cavern
Trove:    trove_library
IceCv:    ice_cave_statue_garden_01
WizLab:   wizlab_zonguldrok

Action                   |  1- 3 |  4- 6 |  7- 9 | 10-12 | 13-15 | 16-18 | 19-21 | 22-24 | 25-27 || total
-------------------------+-------+-------+-------+-------+-------+-------+-------+-------+-------++-------
Melee: Spear             |   112 |   152 |    55 |       |       |       |       |       |       ||   319
       Hand axe          |     8 |       |       |       |       |       |    14 |       |       ||    22
       War axe           |       |       |   246 |    18 |  1099 |   838 |       |    95 |    88 ||  2384
       Trident           |       |       |       |   638 |     9 |       |       |       |       ||   647
       Executioner's axe |       |       |       |       |       |   365 |   959 |   132 |  3078 ||  4534
       Battleaxe         |       |       |       |       |       |     4 |       |       |       ||     4
       Mace              |       |       |       |       |       |       |   438 |  2280 |  1056 ||  3774
Throw: Tomahawk          |       |       |       |       |     9 |    66 |   123 |   241 |    26 ||   465
       Throwing net      |       |       |       |       |       |       |     2 |       |       ||     2
       Javelin           |       |       |       |       |       |       |       |       |    16 ||    16
Invok: Berserk           |     1 |     2 |       |     7 |    10 |    12 |     7 |    18 |    17 ||    74
       Burn Spellbooks   |       |       |     3 |     3 |     2 |     7 |     2 |    10 |     9 ||    36
       Trog's Hand       |       |       |     4 |    10 |    24 |    30 |    17 |    14 |    42 ||   141
       Brothers in Arms  |       |       |     1 |     1 |     5 |       |     5 |    24 |     9 ||    45
 Abil: Evoke Flight      |       |       |       |       |     1 |     4 |     3 |     1 |       ||     9
Evoke: Wand              |       |       |       |       |       |     3 |       |     6 |     9 ||    18
  Use: Scroll            |       |       |    19 |    12 |    11 |     8 |     5 |    22 |    54 ||   131
       Potion            |       |       |     1 |     2 |     1 |     3 |     8 |    13 |    15 ||    43
 Stab: Sleeping          |     1 |     1 |       |     7 |    10 |     8 |    18 |     3 |    19 ||    67
       Distracted        |       |       |       |     1 |     7 |     4 |    11 |    11 |    19 ||    53
       Held in net/web   |       |       |       |       |       |       |     2 |       |       ||     2
       Invisible         |       |       |       |       |       |       |       |       |     1 ||     1
  Eat: Pizza             |     1 |       |       |       |       |       |       |       |     6 ||     7
       Chunk             |       |     4 |    27 |    34 |    63 |    77 |    72 |   127 |   285 ||   689
       Meat ration       |       |     1 |       |       |       |       |       |     1 |     9 ||    11
       Bread ration      |       |       |     1 |       |       |       |       |     1 |     5 ||     7
       Beef jerky        |       |       |       |       |     1 |       |       |     1 |    15 ||    17
       Fruit             |       |       |       |       |     2 |       |       |       |    12 ||    14
       Royal jelly       |       |       |       |       |       |       |       |       |     1 ||     1
